Map: Incorporeal LE

Players

Matic

  • Race: Protoss Protoss
  • League: Silver
  • Spawn Location: 5:00

ManlyManMeat - Winner!

  • Race: Protoss Protoss
  • Spawn Location: 11:00

VOD

Have the link to the VOD?

Description

Time

  • Played on: May 16, 2025, 6:24 a.m.
  • Length: 9:52
Show
View Real Time Build Order
Export as new Build Order

Matic Protoss 

Build Orders: Nexus First 

Get SALT Encoding   

  1  0:00  Probe  
  13  0:39  Nexus  
  13  0:50  Pylon  
  13  0:51  Probe  
  14  1:00  Probe  
  15  1:10  Forge  
  15  1:12  Probe  
  16  1:30  Gateway  
  16  1:37  Pylon  
  16  1:41  Pylon  
  16  1:48  Probe  
  17  1:57  Photon Cannon  
  17  2:00  Probe x2  
  19  2:08  Probe  
  20  2:16  Probe, Assimilator  
  20  2:20  Assimilator  
  20  2:21  Probe  
  21  2:29  Probe  
  21  2:47  Photon Cannon  
  20  2:58  Cybernetics Core, Probe  
  20  3:00  Photon Cannon  
  21  3:08  Photon Cannon  
  21  3:11  Zealot  
  23  3:16  Photon Cannon  
  23  3:25  Photon Cannon  
  23  3:30  Pylon  
  23  3:32  Probe  
  22  3:54  Zealot  
  21  4:10  Gateway  
  21  4:13  Zealot, Gateway  
  23  4:31  Zealot  
  23  4:33  Pylon  
  25  5:02  Probe  
  25  5:04  Probe  
  27  5:14  Probe  
  27  5:16  Probe  
  27  5:21  Nexus  
  29  5:27  Probe  
  29  5:28  Probe  
  31  5:35  Gateway  
  31  5:39  Probe  
  31  5:40  Probe, Assimilator  
  31  5:52  Probe  
  32  6:01  Probe  
  32  6:03  Probe  
  31  6:06  Warp Gate  
  31  6:11  Probe x2  
  32  6:12  Pylon  
  32  6:14  Pylon  
  34  6:19  Probe  
  34  6:20  Probe  
  36  6:27  Assimilator  
  36  6:28  Probe  
  36  6:30  Probe  
  38  6:40  Probe  
  38  6:42  Probe  
  38  6:43  Gateway  
  38  6:45  Gateway  
  40  6:47  Gateway  
  40  6:49  Gateway  
  40  6:52  Probe  
  41  6:55  Probe, Pylon  
  42  7:04  Forge, Probe  
  42  7:05  Forge  
  42  7:07  Probe  
  44  7:09  Cybernetics Core  
  44  7:16  Probe  
  44  7:19  Robotics Facility, Probe  
  46  7:38  Protoss Ground Armor Level 1, Protoss Ground Weapons Level 1  
  46  7:39  Protoss Shields Level 1  
  46  7:49  Twilight Council  
  46  7:52  Stargate  
  46  8:01  Stalker  
  46  8:02  Stalker x2  
  46  8:03  Stalker  
  54  8:06  Zealot x3  
  54  8:07  Zealot  
  36  8:47  Stalker  
  36  8:48  Stalker x3  
  36  8:49  Stalker  
  29  9:07  Stalker  
  27  9:19  Stalker  
  27  9:20  Stalker  
Show
View Real Time Build Order
Export as new Build Order

ManlyManMeat Protoss - Winner!

Build Orders:  

Get SALT Encoding   

  12  0:01  Probe  
  13  0:13  Probe  
  14  0:21  Probe, Pylon  
  15  0:36  Probe  
  16  0:44  Gateway  
  16  0:50  Probe  
  17  1:02  Probe  
  17  1:03  Gateway  
  18  1:14  Probe  
  19  1:18  Assimilator  
  19  1:23  Probe  
  19  1:32  Zealot  
  22  1:43  Cybernetics Core  
  22  1:57  Nexus  
  22  2:27  Pylon  
  22  2:42  Stalker x2  
  26  3:01  Probe  
  27  3:07  Warp Gate, Pylon  
  27  3:12  Zealot  
  29  3:13  Probe  
  29  3:15  Zealot  
  32  3:25  Probe  
  33  3:28  Robotics Facility  
  33  3:37  Probe  
  33  3:39  Zealot  
  34  3:54  Probe  
  34  3:55  Probe  
  36  4:02  Probe  
  36  4:04  Probe  
  36  4:07  Stalker  
  36  4:08  Stalker  
  38  4:12  Probe  
  38  4:13  Probe  
  40  4:25  Probe  
  40  4:27  Assimilator  
  41  4:35  Stalker  
  41  4:37  Probe  
  44  4:42  Observer  
  45  4:46  Zealot  
  43  5:08  Assimilator x2  
  43  5:20  Probe x2  
  45  5:32  Probe x2  
  47  5:39  Zealot  
  47  5:40  Zealot  
  49  5:44  Probe  
  50  5:59  Pylon  
  50  6:00  Pylon  
  50  6:02  Pylon  
  50  6:13  Observer  
  50  6:14  Pylon  
  50  6:15  Stalker, Nexus  
  50  6:17  Pylon  
  50  6:18  Assimilator  
  52  6:20  Stargate  
  52  6:22  Assimilator  
  52  6:23  Stargate  
  52  6:27  Probe  
  52  6:28  Probe  
  54  6:39  Probe  
  55  6:41  Warp Prism  
  57  6:51  Pylon  
  57  6:53  Gateway  
  57  6:55  Gateway  
  57  6:56  Gateway x2  
  57  7:00  Gateway  
  57  7:03  Gateway  
  57  7:04  Gateway  
  57  7:07  Gateway  
  57  7:27  Stalker x2  
  61  7:35  Forge  
  61  7:38  Probe  
  61  7:39  Probe x2  
  61  7:42  Forge x2  
  64  7:49  Fleet Beacon  
  64  7:50  Probe  
  64  7:51  Probe x2  
  67  7:58  Zealot x5  
  69  7:59  Zealot x4  
  69  8:03  Probe  
  86  8:33  Zealot x7  
  94  8:34  Zealot x3  
  92  8:55  Zealot x3  
  94  8:56  Zealot x4  
  94  8:58  Probe x2  
  94  8:59  Probe  
  97  9:33  Nexus  
Tags
 
League
Silver
Matchup
PvP
Spawn Locations
Cross Positions
Add a new tag
Caveats
  • Supply blocks, unpowered buildings, or Contaminate may cause inaccurate times.
  • Supply counts are checked every 10 seconds.